 Dungeon Crawl Stone Soup version 0.26-b1-59-ge38874ec40 (webtiles) character file.

Game seed: 620032424204688224

3411 howech the Slasher (level 9, 46/81 HPs)
             Began as a Deep Dwarf Fighter on Jan 7, 2021.
             Was an Initiate of Makhleb.
             Quit the game on level 7 of the Dungeon on Jan 8, 2021.
             The game lasted 00:45:22 (7266 turns).

howech the Slasher (Deep Dwarf Fighter)             Turns: 7266, Time: 00:45:23

Health: 46/81      AC: 14    Str: 21 (22) XL:     9   Next: 76%
Magic:  3/3        EV: 23    Int: 10      God:    Makhleb [......]
Gold:   369        SH: 10    Dex: 11 (14) Spells: 8/8 levels left

rFire    . . .     SeeInvis .   y - +2 long sword (holy)
rCold    . . .     Faith    .   c - +0 kite shield
rNeg     . . .     Spirit   .   g - +0 chain mail
rPois    .         Reflect  .   t - +1 hat
rElec    .         Harm     .   x - +1 cloak
rCorr    .         Rampage  .   s - +0 pair of gloves
Will     ++...                  (no boots)
Stlth    ..........             l - amulet of the acrobat
HPRegen  0.00/turn              h - ring of willpower
MPRegen  0.08/turn              (no ring)

@: acrobat, non-regenerating
A: damage resistance, heal wounds, camouflage 1, sense surroundings 2, strong 1,
evolution 1, no regeneration
a: Heal Wounds, Renounce Religion


You were on level 7 of the Dungeon.
You worshipped Makhleb.
Makhleb was noncommittal.
You visited 2 branches of the dungeon, and saw 9 of its levels.

You collected 369 gold pieces.

Inventory:

Hand Weapons
 a - a +1 long sword
 b - a +0 hunting sling
 y - a +2 long sword of holy wrath (weapon)
 F - a +0 long sword
Missiles
 j - 83 bolts
 m - 123 sling bullets
 n - 4 poisoned darts (quivered)
 z - 6 boomerangs of dispersal
Armour
 c - a +0 kite shield (worn)
 g - a +0 chain mail (worn)
 p - a scarf of invisibility
 r - a +0 scale mail
 s - a +0 pair of gloves (worn)
 t - a +1 hat (worn)
 x - a +1 cloak (worn)
Jewellery
 h - a ring of willpower (left hand)
 l - an amulet of the acrobat (around neck)
 C - an uncursed ring of stealth
Wands
 q - a wand of iceblast (6)
Scrolls
 e - 2 scrolls of blinking
 f - 8 scrolls of identify
 k - 3 scrolls of teleportation
 o - 2 scrolls of enchant weapon
 v - a scroll of fear
 G - 2 scrolls of vulnerability
Potions
 d - a potion of might
 i - a potion of curing
 B - a potion of brilliance


   Skills:
 + Level 5.2 Fighting
 * Level 7.3 Long Blades
 + Level 4.5 Slings
 + Level 6.3 Armour
 + Level 5.1 Dodging
 + Level 6.4 Shields
 + Level 2.4 Invocations
 + Level 5.8 Evocations


You had 8 spell levels left.
You didn't know any spells.
Your spell library was empty.

Dungeon Overview and Level Annotations

Branches:
Dungeon (8/15)             Temple (1/1) D:7
   Lair: D:8-11

Altars:
Ashenzari
Cheibriados
Dithmenos
Elyvilon
Fedhas
Gozag
Hepliaklqana
Kikubaaqudgha
Makhleb
Nemelex Xobeh
Okawaru
Qazlal
Ru
Sif Muna
Trog
Uskayaw
Vehumet
Wu Jian
Xom
Yredelemnul
Zin
The Shining One


Innate Abilities, Weirdness & Mutations

You are resistant to damage.
You can heal yourself by infusing magical energy.
You passively map the area around you.
You do not regenerate.
Your skin changes colour to match your surroundings (Stealth+).
Your muscles are strong. (Str +2)
You evolve.


Message History

You throw a poisoned dart.
The poisoned dart barely misses the orc wizard.
The orc wizard mumbles some strange words.
The orc wizard blinks!
Unknown command.
You slash the orc wizard!
The orc wizard is severely wounded.
You block the orc wizard's attack.
You slash the orc wizard!
You kill the orc wizard!
Makhleb accepts your kill.
Unknown command.
Unknown command.
You climb upwards.
There is a stone staircase leading down, spattered with blood here.
Unknown command.
You start waiting.
You feel a little less mighty now.
Okay, then.
Are you sure you want to abandon this character and quit the game? (Confirm with "yes".)

#...####.........####...#.#
##..## ##.......## ##.##.#
#.#..## ##.....## ####.#
......#####...#### #.#
.....^..####.....# #.#
......^^.###.###.########.#
.^........##.#............#
........^......†[!.########
.^(.....^......)@#.#
....^^.........###.#
...^...........# #.#
...............# #.#
.........^.#†### #.#
.....^.....#.# #.#
...........#.#####.#
.(..^...##.........#
##.^.....###.#######


There were no monsters in sight!

Vanquished Creatures
  5 yaks (D:7)
  Edmund (D:6)
  2 ice beasts
  2 sky beasts
  3 ogres
  A centaur (D:6)
  3 bullfrogs
  A wyvern zombie (D:6)
  7 killer bees (D:7)
  4 wights (D:7)
  5 howler monkeys
  A hound (D:5)
  A jelly (D:7)
  6 orc priests
  A bullfrog skeleton (D:4)
  2 iguanas
  6 orc wizards
  8 worker ants
  A worker ant zombie (D:6)
  A gnoll (D:6)
  9 adders
  3 shadow imps
  3 white imps
  2 ufetubi
  6 oozes
  An adder skeleton (D:4)
  2 dart slugs
  A leopard gecko (D:6)
  31 orcs
  8 bats
  5 giant cockroaches
  5 goblins
  7 hobgoblins
  7 jackals
  9 kobolds
  2 quokkas (D:3)
  A ball python (D:4)
  7 frilled lizards
  10 rats
180 creatures vanquished.

Vanquished Creatures (others)
  2 plants (D:3)
2 creatures vanquished.

Grand Total: 182 creatures vanquished

Notes
Turn   | Place    | Note
-------+----------+-------------------------------------------
     0 | D:1      | howech the Deep Dwarf Fighter began the quest for the Orb.
     0 | D:1      | Reached XP level 1. HP: 20/20 MP: 1/1
   268 | D:1      | Reached XP level 2. HP: 22/27 MP: 2/2
   495 | D:1      | Upgraded the game from 0.26-b1-52-g61e05abef2 to
                  | 0.26-b1-59-ge38874ec40
   633 | D:1      | Reached XP level 3. HP: 33/33 MP: 3/3
   928 | D:2      | Found a faded altar of an unknown god.
   961 | D:2      | Reached skill level 1 in Dodging
  1079 | D:2      | Reached XP level 4. HP: 30/42 MP: 4/4
  1144 | D:2      | Reached skill level 3 in Long Blades
  1588 | D:3      | Reached skill level 1 in Evocations
  2032 | D:3      | Reached XP level 5. HP: 26/49 MP: 5/5
  2186 | D:3      | Found a sparkling altar of Nemelex Xobeh.
  2330 | D:4      | Found an ancient bone altar of Kikubaaqudgha.
  2436 | D:4      | Reached XP level 6. HP: 28/56 MP: 5/5
  2451 | D:4      | Reached skill level 4 in Long Blades
  2481 | D:4      | Reached skill level 1 in Slings
  3203 | D:5      | Entered Level 5 of the Dungeon
  3420 | D:4      | Gained mutation: You are agile. (Dex +2) [potion of
                  | mutation]
  3420 | D:4      | Gained mutation: You are frail. (-10% HP) [potion of
                  | mutation]
  3420 | D:4      | Gained mutation: You have a pair of small horns on your
                  | head. [potion of mutation]
  3420 | D:4      | Gained mutation: Your skin changes colour to match your
                  | surroundings (Stealth+). [potion of mutation]
  3461 | D:5      | Noticed an ice beast
  3481 | D:5      | Killed an ice beast
  3482 | D:5      | Reached XP level 7. HP: 26/56 MP: 6/6
  3592 | D:5      | Found a sparkling altar of Nemelex Xobeh.
  3620 | D:5      | Got a fine dagger
  3621 | D:5      | Identified the cursed +2 dagger "Suofoefe" {vorpal,
                  | *Corrode rF++ Dex+6} (You found it on level 5 of the
                  | Dungeon)
  4280 | D:6      | Reached skill level 5 in Long Blades
  4282 | D:6      | Reached skill level 5 in Shields
  4332 | D:6      | Reached XP level 8. HP: 26/64 MP: 7/7
  4456 | D:6      | Reached skill level 5 in Armour
  4472 | D:6      | Noticed Edmund
  4496 | D:6      | Killed Edmund
  5572 | D:7      | Reached skill level 6 in Long Blades
  5690 | D:7      | Found a stormy altar of Qazlal.
  5833 | D:7      | Found a staircase to the Ecumenical Temple.
  5904 | D:7      | Gained mutation: You passively map the area around you.
                  | [Deep Dwarf growth]
  5904 | D:7      | Reached XP level 9. HP: 50/71 MP: 7/7
  6179 | D:7      | Reached skill level 5 in Evocations
  6407 | Temple   | Entered the Ecumenical Temple
  6412 | Temple   | Became a worshipper of Makhleb the Destroyer
  6875 | D:7      | Lost mutation: You are agile. (Dex +2) [potion of mutation]
  6875 | D:7      | Lost mutation: You have a pair of small horns on your head.
                  | [potion of mutation]
  6875 | D:7      | Lost mutation: You are frail. (-10% HP) [potion of
                  | mutation]
  6875 | D:7      | Gained mutation: You evolve. [potion of mutation]
  6875 | D:7      | Gained mutation: Your muscles are strong. (Str +2) [potion
                  | of mutation]
  7079 | D:7      | Reached skill level 1 in Invocations
  7130 | D:7      | Reached skill level 5 in Fighting
  7135 | D:7      | Reached skill level 7 in Long Blades
  7197 | D:7      | Reached skill level 5 in Dodging
  7266 | D:7      | Quit the game

Illustrated notes

Levels and vault maps discovered:
D:1:      evilmike_arrival_home_sweet_home, layout_basic, serial_glass,
          glass_columns_c, glass_columns_c, item_on_display_b,
          lemuel_old_faithful
D:2:      layout_loops_ring, chequers_ecumenical_altar_simple,
          hangedman_decor_growths, grunt_ministairs_3
D:3:      layout_basic, serial_forest, infiniplex_forest_straight_2,
          infiniplex_forest_pool, infiniplex_forest_clump_large,
          infiniplex_forest_straight_2, infiniplex_forest_lined_ring,
          nemelex_spade_bored_becter
D:4:      layout_basic, nicolae_overflow_hidden_temple
D:5:      layout_basic, serial_co_window_serial, co_window_corner_a,
          co_window_paths_a, co_window_corner_a, co_window_paths_b,
          co_window_paths_b, co_window_unsneaky_path_a, co_window_paths_c,
          co_window_2corner, co_window_4corner_b, glass_columns_b,
          glass_columns_a, nemelex_diamond_rough_becter
D:6:      layout_layer_cave, chequers_decorated_corner, minmay_starry_boxes,
          uniq_edmund
D:7:      layout_loops_corners, minmay_temple_entry_junction_2, minmay_holes,
          grunt_qazlal_clouds
D:8:      layout_gridville, serial_shops, nicolae_shop_trees,
          kb_lookout_dungeons_type, kennysheep_decorative_pillar
Temple:   nicolae_temple_the_god_donut

Skill      XL: |  1  2  3  4  5  6  7  8  9 |
---------------+----------------------------+-----
Fighting       | 3 4 5 |  5.2
Dodging        | 1 2 3 4 5 |  5.1
Long Blades    | 3 4 5 6 7 |  7.3
Evocations     | 1 2 3 4 5 |  5.8
Shields        | 4 5 6 |  6.4
Armour         | 4 5 6 |  6.3
Slings         | 1 2 3 4 |  4.5
Invocations    | 2 |  2.4

Action                   |  1- 3 |  4- 6 |  7- 9 || total
-------------------------+-------+-------+-------++-------
Melee: Long sword        |   140 |   237 |   298 ||   675
       Headbutt          |       |     7 |    42 ||    49
 Fire: Hunting sling     |       |     9 |       ||     9
Throw: Dart              |    18 |   107 |    51 ||   176
       Boomerang         |       |       |     1 ||     1
 Abil: Heal Wounds       |     1 |     1 |    13 ||    15
  Use: Potion            |       |     8 |     8 ||    16
       Scroll            |       |     8 |     8 ||    16
Armor: Scale mail        |    16 |       |       ||    16
       Chain mail        |    50 |   117 |   144 ||   311
Dodge: Dodged            |    34 |    58 |    82 ||   174
Block: Kite shield       |    81 |   117 |   138 ||   336
       Rpst.: Long sword |    11 |    24 |    27 ||    62
